 Dungeon Crawl Stone Soup version 0.22-a0-515-g75794bf (webtiles) character file.

14737 4thArraOfDagon the Grappler (level 11, -4/109 HPs)
             Began as a Troll Monk on June 19, 2018.
             Was the Champion of Cheibriados.
             Slain by a shadow (6 damage)
             ... on level 14 of the Dungeon.
             The game lasted 00:17:15 (3890 turns).

4thArraOfDagon the Grappler (Troll Monk)            Turns: 3890, Time: 00:17:16

Health: -4/109     AC:  8    Str: 36    XL:     11   Next: 92%
Magic:  15/15      EV: 16    Int: 26    God:    Cheibriados [******]
Gold:   383        SH:  0    Dex: 27    Spells: 8/16 levels left

rFire    + . .     SeeInvis .     - Unarmed
rCold    + . .     Gourm    +   (no shield)
rNeg     . . .     Faith    .   w - +2 robe of Boiqot {rPois Int+2}
rPois    +         Spirit   .   (helmet restricted)
rElec    .         Reflect  .   x - +0 cloak
rCorr    .         Harm     .   (gloves unavailable)
MR       .....                  (boots unavailable)
Stlth    ++........             t - amulet of regeneration (curse)
HPRegen  1.08/turn              (no ring)
MPRegen  0.14/turn              (no ring)

@: slowed, very slow
A: large, unfitting armour, claws 3, cold resistance 1, fire resistance 1, fast
metabolism 3, gourmand, regeneration 1, shaggy fur 1, tough skin 2
a: Bend Time, Temporal Distortion, Slouch, Step From Time, Renounce Religion


You were on level 14 of the Dungeon.
You worshipped Cheibriados.
Cheibriados was exalted by your worship.
You were near starving.

You visited 2 branches of the dungeon, and saw 15 of its levels.
You also visited: Sewer.

You collected 531 gold pieces.
You spent 148 gold pieces at shops.

Inventory:

Missiles
 v - a throwing net (quivered)
 E - 2 large rocks
Armour
 a - a +0 robe
 i - a -2 robe
 w - the +2 robe of Boiqot (worn) {rPois Int+2}
   (You bought it in a shop on level 6 of the Dungeon)

   It affects your intelligence (+2).
   It protects you from poison.
 x - a +0 cloak (worn)
Magical Staves
 p - an uncursed staff of earth
Jewellery
 t - a cursed amulet of regeneration (around neck)
Wands
 m - a wand of scattershot (6)
 u - a wand of iceblast (8)
Scrolls
 c - a scroll of fear {unknown}
 e - 4 scrolls of random uselessness {unknown}
 f - a scroll of holy word {unknown}
 h - 2 scrolls of blinking {unknown}
 l - a scroll of noise {unknown}
 n - 6 scrolls of remove curse
 r - 3 scrolls of teleportation {unknown}
 s - a scroll of magic mapping {unknown}
 y - 2 scrolls of enchant weapon {unknown}
 z - a scroll of amnesia {unknown}
 A - a scroll of torment {unknown}
 C - 3 scrolls of fog {unknown}
Potions
 d - 6 potions of curing
 g - a potion of mutation
 j - 4 potions of heal wounds
 k - 3 potions of brilliance
 o - 2 potions of flight
 q - a potion of degeneration
 D - a potion of agility
Comestibles
 b - 17 rations


   Skills:
 + Level 7.1 Fighting
 + Level 6.3 Dodging
 - Level 1.0 Stealth
 * Level 11.5 Unarmed Combat
 + Level 3.3 Spellcasting
 * Level 5.9 Transmutations
 + Level 6.3 Invocations


You had 8 spell levels left.
You knew the following spells:

 Your Spells              Type           Power        Failure   Level  Hunger
a - Blade Hands           Tmut           #####.....   22%         5    ######.
b - Regeneration          Chrm/Necr      #.........   26%         3    ###....

Your spell library contained the following spells:

 Spells                   Type           Power        Failure   Level  Hunger
 Animate Dead             Necr           N/A          65%         4    ####...
 Pain                     Necr           #...         9%          1    None
 Animate Skeleton         Necr           N/A          9%          1    None
 Vampiric Draining        Necr           #.........   26%         3    ###....
 Spider Form              Tmut/Pois      ###.......   9%          3    ###....
 Ice Form                 Ice/Tmut       ###.....     26%         4    ####...
 Sticks to Snakes         Tmut           #####...     1%          2    #......
 Beastly Appendage        Tmut           #####.       1%          1    None


Dungeon Overview and Level Annotations

Branches:
Dungeon (14/15)            Temple (1/1) D:5            Lair (0/6) D:8
    Orc (0/2) D:10         Vaults (0/5) D:14

Altars:
Cheibriados
Dithmenos
Fedhas
Hepliaklqana
Makhleb
Okawaru
Qazlal
Ru
Sif Muna
Vehumet
Wu Jian
Xom
Yredelemnul
Zin
The Shining One
Lugonu

Shops:
D:4 (   D:6 [   D:8 (   D:10 (


Innate Abilities, Weirdness & Mutations

You are too large for most types of armour.
You have claws for hands.
Your metabolism is lightning-fast.
You like to eat raw meat.
Your natural rate of healing is unusually fast.
You are covered in fur. (AC +1)
You have very tough skin. (AC +2)
Your flesh is cold resistant. (rC+)
Your flesh is heat resistant. (rF+)


Message History

Okay, then.
Unknown command.
You feel much better. The enchanted long sword hits you.
The shadow slips into darkness.
The shadow flickers and vanishes!
Deactivating autopickup; reactivate with Ctrl-A.
The enchanted long sword hits you!!
* * * LOW HITPOINT WARNING * * *
Unknown command.
Unknown command.
Unknown command.
Magic courses through your body. The enchanted long sword hits you!
* * * LOW HITPOINT WARNING * * *
The shadow strikes at you from the darkness!
* * * LOW HITPOINT WARNING * * *
Reactivating autopickup.
The enchanted long sword hits you.
* * * LOW HITPOINT WARNING * * *
The shadow hits you.
You die...

.........#
........)#
#).# ##(#
#C# #)#
#.# #(#
#@# #W#
... .###.
.. .. ##
.. #.# ..


You could see a cyclops, a shadow and an enchanted long sword.

Vanquished Creatures
  A dancing weapon (D:14)
  A two-headed ogre (D:12)
  A tengu warrior (D:13)
  An unseen horror (D:13)
  An ugly thing (D:13)
  A cyclops (D:12)
  A manticore (D:12)
  A centaur zombie (D:11)
  Maurice (D:11)
  3 gargoyles
  A freezing wraith (D:14)
  A tengu conjurer (D:13)
  2 trolls (D:10)
  3 hippogriffs
  A wraith (D:12)
  10 yaks
  A hungry ghost (D:14)
  2 vampire mosquitoes (D:13)
  6 orc warriors
  A porcupine (D:8)
  8 sky beasts
  4 phantoms
  5 ice beasts
  4 black bears (D:8)
  2 ogres
  A crocodile (D:13)
  2 centaurs
  3 bullfrogs
  2 big kobolds
  A scorpion (D:9)
  20 killer bees
  A howler monkey (D:4)
  3 wights (D:10)
  7 crimson imps
  4 hounds
  3 quasits
  A bullfrog zombie (D:13)
  5 jellies
  2 orc priests (D:7)
  2 centaur skeletons
  10 orc wizards
  3 bullfrog skeletons
  6 worker ants
  2 hound skeletons
  A worker ant zombie (D:11)
  11 adders
  5 river rats (Sewer)
  A shadow imp (D:5)
  An ooze (D:5)
  2 adder skeletons
  2 adder zombies
  3 worms (D:4)
  2 leopard geckos
  37 orcs
  3 ball pythons (Sewer)
  A bat (D:3)
  3 goblins (D:3)
  3 hobgoblins
  18 jackals
  24 kobolds
  3 quokkas
  4 frilled lizards
  A jackal skeleton (D:4)
  A leopard gecko skeleton (D:5)
  18 rats
  A plant (D:3)
286 creatures vanquished.

Vanquished Creatures (others)
  5 fungi (D:8)
  A plant (D:8)
6 creatures vanquished.

Grand Total: 292 creatures vanquished

Notes
Turn   | Place    | Note
-------+----------+-------------------------------------------
     0 | D:1      | 4thArraOfDagon the Troll Monk began the quest for the Orb.
     0 | D:1      | Reached XP level 1. HP: 22/22 MP: 0/0
   176 | D:3      | Reached XP level 2. HP: 29/29 MP: 1/1
   184 | D:3      | Found a radiant altar of Vehumet.
   208 | D:4      | Reached skill level 4 in Unarmed Combat
   208 | D:4      | Reached XP level 3. HP: 36/36 MP: 2/2
   212 | D:4      | Reached XP level 4. HP: 45/45 MP: 3/3
   271 | D:4      | Found Puecu's Antique Weapon Boutique.
   319 | D:5      | Entered Level 5 of the Dungeon
   321 | D:5      | Found a glowing drain.
   363 | D:5      | Reached skill level 5 in Unarmed Combat
   367 | D:5      | Reached XP level 5. HP: 48/53 MP: 4/4
   377 | Sewer    | Entered a sewer
   610 | Sewer    | Reached XP level 6. HP: 37/62 MP: 5/5
   688 | Sewer    | Reached skill level 6 in Unarmed Combat
   769 | D:5      | Found a staircase to the Ecumenical Temple.
   777 | Temple   | Entered the Ecumenical Temple
   794 | Temple   | Became a worshipper of Cheibriados the Contemplative
   794 | Temple   | Reached * piety under Cheibriados
   794 | Temple   | Reached ** piety under Cheibriados
   816 | D:5      | Found an iron altar of Okawaru.
   846 | D:5      | Found a stormy altar of Qazlal.
   917 | D:5      | Found an ornate altar of the Wu Jian Council.
   931 | D:5      | Found a deep blue altar of Sif Muna.
  1005 | D:5      | Found a glowing silver altar of Zin.
  1028 | D:5      | Found a radiant altar of Vehumet.
  1042 | D:4      | Noticed an ice beast
  1051 | D:5      | Killed an ice beast
  1051 | D:5      | Reached skill level 1 in Invocations
  1051 | D:5      | Reached XP level 7. HP: 58/70 MP: 6/6
  1251 | D:4      | Reached *** piety under Cheibriados
  1352 | D:5      | Found a hazy altar of Hepliaklqana.
  1353 | D:5      | Found a shimmering altar of Xom.
  1353 | D:5      | Noticed a hungry ghost
  1354 | D:5      | Noticed a hungry ghost
  1354 | D:5      | Noticed a spectral ugly thing
  1436 | D:6      | Found a basalt altar of Yredelemnul.
  1443 | D:6      | Reached skill level 7 in Unarmed Combat
  1450 | D:6      | Found Osee's Antique Armour Emporium.
  1708 | D:6      | Bought a fabulously ornate robe for 148 gold pieces
  1708 | D:6      | Identified the +2 robe of Boiqot {rPois Int+2} (You bought it in a shop on level 6 of the Dungeon)
  1789 | D:7      | Reached XP level 8. HP: 66/79 MP: 8/8
  1824 | D:7      | Reached **** piety under Cheibriados
  1882 | D:7      | Reached skill level 8 in Unarmed Combat
  1999 | D:7      | Reached skill level 5 in Fighting
  2003 | D:7      | Noticed a hippogriff
  2006 | D:7      | Killed a hippogriff
  2132 | D:8      | Found Haenemih's Antique Weapon Boutique.
  2139 | D:8      | Reached XP level 9. HP: 38/88 MP: 10/10
  2140 | D:8      | Reached ***** piety under Cheibriados
  2183 | D:8      | Learned a level 5 spell: Blade Hands
  2212 | D:8      | Gained mutation: Your flesh is heat resistant. (rF+) [potion of mutation]
  2212 | D:8      | Gained mutation: Your flesh is cold resistant. (rC+) [potion of mutation]
  2250 | D:8      | Reached skill level 1 in Transmutations
  2252 | D:8      | Reached skill level 9 in Unarmed Combat
  2362 | D:8      | Found a sacrificial altar of Ru.
  2399 | D:8      | Reached skill level 1 in Spellcasting
  2415 | D:8      | Found a staircase to the Lair.
  2695 | D:9      | Reached skill level 5 in Dodging
  2697 | D:9      | Reached XP level 10. HP: 49/98 MP: 12/12
  2797 | D:9      | Reached ****** piety under Cheibriados
  2890 | D:10     | Entered Level 10 of the Dungeon
  2890 | D:10     | Found Tuxt's Antique Weapon Boutique.
  2951 | D:10     | Reached skill level 10 in Unarmed Combat
  2957 | D:10     | Reached skill level 5 in Invocations
  3013 | D:10     | Found a staircase to the Orcish Mines.
  3053 | D:10     | Noticed a gargoyle
  3064 | D:10     | Killed a gargoyle
  3127 | D:11     | Noticed Maurice
  3135 | D:11     | Killed Maurice
  3302 | D:12     | Noticed a cyclops
  3313 | D:12     | Killed a cyclops
  3313 | D:12     | Reached XP level 11. HP: 49/107 MP: 14/14
  3337 | D:12     | Learned a level 3 spell: Regeneration
  3380 | D:11     | Noticed a five-headed hydra
  3511 | D:12     | Noticed a two-headed ogre
  3514 | D:12     | Killed a two-headed ogre
  3518 | D:12     | Reached skill level 11 in Unarmed Combat
  3518 | D:12     | Reached skill level 5 in Transmutations
  3595 | D:13     | Noticed a tengu warrior
  3611 | D:13     | Killed a tengu warrior
  3629 | D:13     | Noticed a white ugly thing
  3639 | D:13     | Killed a white ugly thing
  3668 | D:13     | Killed an unseen horror
  3839 | D:14     | Noticed an enchanted long sword
  3844 | D:14     | Killed an enchanted long sword
  3845 | D:14     | Found a gate to the Vaults.
  3865 | D:14     | Noticed a deep elf mage
  3868 | D:14     | Noticed an enchanted long sword
  3890 | D:14     | HP: 2/109 [enchanted long sword (6)]
  3890 | D:14     | Slain by a shadow

Vault maps used:
D:1:      lemuel_arrival_hallway, st_stairs_6, minivault_14,
          nrook_mini_backslash
D:2:      item_on_display_a
D:3:      cheibrodos_old_hovel, lemuel_round_altar,
          amethyst_overflow_temple_binary, first_ration, minmay_misc_feat_five
D:4:      serial_shops, shop
D:5:      regret_index_temple_of_mockery, minitemple, kennysheep_mini_moat,
          zin_academy, lemuel_crystal_altar, minmay_temple_entry_trees,
          basic_altar, gup_sewer_entry_glass, okawaru_gym_becter
D:6:      serial_shops, shop, hangedman_feature_mirror
D:7:      overflow_temple_1_default
D:8:      lemuel_coloured_pillars_altar, nicolae_ru_great_annihilating_truth,
          grunt_lair_entry_orc_guard_hut, serial_shops, shop
D:10:     gammafunk_mikee_crab_dinner, orc_david_3, serial_shops, shop, shop,
          nicolae_shop_behind_doors
D:11:     serial_shops, shop_fountains, uniq_maurice
D:13:     enter_trove_3, serial_shops, nicolae_shop_trees
D:14:     erik_vaults_1, kennysheep_cross_bottleneck, uniq_rupert,
          uniq_josephine
Temple:   corrupted_temple
Sewer:    sewer_minmay_treatment

Skill      XL: |  1  2  3  4  5  6  7  8  9 10 11 |
---------------+----------------------------------+-----
Unarmed Combat | 4 5 6 7 8 9 10 11 | 11.5
Fighting       | 3 4 5 6 7 |  7.1
Invocations    | 1 2 3 4 5 6 |  6.3
Dodging        | 3 4 5 6 |  6.3
Transmutations | 2 4 5 |  5.9
Spellcasting   | 1 2 3 |  3.3
Stealth        | |  1.0

Action                   |  1- 3 |  4- 6 |  7- 9 | 10-12 || total
-------------------------+-------+-------+-------+-------++-------
Melee: Unarmed           |    24 |   193 |   273 |   280 ||   770
       Punch             |       |     2 |    16 |    19 ||    37
Throw: Large rock        |       |       |       |     2 ||     2
       Throwing net      |       |       |       |     2 ||     2
Invok: Slouch            |       |       |       |     2 ||     2
       Temporal Distorti |       |       |       |     3 ||     3
  Use: Potion            |       |     2 |     1 |     2 ||     5
       Scroll            |       |       |    10 |     1 ||    11
 Stab: Sleeping          |     1 |     1 |     2 |     3 ||     7
       Paralysed         |       |       |     1 |       ||     1
       Held in net/web   |       |       |       |     1 ||     1
  Eat: Chunk             |     4 |     7 |    12 |     9 ||    32
Armor: Robe              |     7 |    45 |   101 |    68 ||   221
Dodge: Dodged            |    16 |   115 |   203 |   163 ||   497

Table legend:
 A = Spawn XP
 B = Non-spawn XP
 C = Spawn XP percentage of total XP
 D = Spawn monster count
 E = Non-spawn monster count
 F = Spawn count percentage of total count
 G = Total turns spent on level
                    A         B        C        D         E        F      G
               +---------+---------+-------+---------+---------+-------+---------
         Total |       0 |   21054 |   0.0 |       0 |     285 |   0.0 |  3890
               +---------+---------+-------+---------+---------+-------+---------
           D:2 |       0 |       2 |   0.0 |       0 |       1 |   0.0 |   107
           D:3 |       0 |      48 |   0.0 |       0 |      13 |   0.0 |   220
           D:4 |       0 |     359 |   0.0 |       0 |      22 |   0.0 |   267
           D:5 |       0 |     386 |   0.0 |       0 |      16 |   0.0 |   425
           D:6 |       0 |     216 |   0.0 |       0 |       9 |   0.0 |   311
           D:7 |       0 |    1348 |   0.0 |       0 |      28 |   0.0 |   346
           D:8 |       0 |    1967 |   0.0 |       0 |      33 |   0.0 |   406
           D:9 |       0 |    2107 |   0.0 |       0 |      29 |   0.0 |   393
          D:10 |       0 |    2022 |   0.0 |       0 |      19 |   0.0 |   232
          D:11 |       0 |    1695 |   0.0 |       0 |      15 |   0.0 |   144
          D:12 |       0 |    4848 |   0.0 |       0 |      29 |   0.0 |   321
          D:13 |       0 |    3814 |   0.0 |       0 |      17 |   0.0 |   247
          D:14 |       0 |    2012 |   0.0 |       0 |       8 |   0.0 |    56
         Sewer |       0 |     230 |   0.0 |       0 |      46 |   0.0 |   367
               +---------+---------+-------+---------+---------+-------+---------
